[Event "105th British-ch 2018"]
[Site "Hull"]
[Date "2018.08.01"]
[Round "5"]
[White "Macklin, Paul"]
[Black "Rudd, Jack"]
[Result "1-0"]
[ECO "B13"]
[WhiteElo "2363"]
[BlackElo "2244"]
[Annotator "NA"]
[PlyCount "53"]
[EventDate "2018.07.28"]
[EventType "swiss"]
[EventCountry "GBR"]
[SourceTitle "playchess.com"]
[Source "ChessBase"]
[SourceQuality "1"]
[TimeControl "40/5400+30:1800+30"]

1. e4 c6 2. d4 d5 3. exd5 cxd5 4. Bd3 Nc6 5. c3 Nf6 6. Bf4 Bg4 7. Qb3 Qc8 8. Nd2 e6 9. Ngf3 Bxf3 10. Nxf3 Be7 11. O-O O-O 12. Rfe1 Nh5 13. Bd2 Bd6 14. Qc2 g6 15. Bh6 Re8 16. Ne5 Qc7 17. f4 Rac8 18. Re2 f6 19. Bxg6 hxg6 20. Qxg6+ Ng7 21. Ng4 Rf8 22. Rxe6 Bxf4 23. Rxf6 Bxh6 24. Nxh6+ Kh8 25. Nf7+ Kg8 26. Raf1 Qe7 27. Ng5 1-0

[Event "105th British-ch 2018"]
[Site "Hull"]
[Date "2018.08.01"]
[Round "5"]
[White "Murphy, Conor E"]
[Black "Wall, Tim P"]
[Result "1-0"]
[ECO "C42"]
[WhiteElo "2336"]
[BlackElo "2234"]
[Annotator "NA"]
[PlyCount "95"]
[EventDate "2018.07.28"]
[EventType "swiss"]
[EventCountry "GBR"]
[SourceTitle "playchess.com"]
[Source "ChessBase"]
[SourceQuality "1"]
[TimeControl "40/5400+30:1800+30"]

1. e4 e5 2. Nf3 Nf6 3. Nxe5 d6 4. Nf3 Nxe4 5. Nc3 Nxc3 6. dxc3 Be7 7. Be3 O-O 8. Qd2 Nd7 9. O-O-O b6 10. h4 Bb7 11. h5 Ne5 12. Nd4 Bf6 13. Be2 Qd7 14. Bg5 Bxg5 15. Qxg5 f6 16. Qg3 c5 17. Nb5 d5 18. f4 a6 19. Na3 Nf7 20. h6 g6 21. Bh5 Nd6 22. Bf3 Qf7 23. Qf2 Rfe8 24. Rhe1 Rxe1 25. Rxe1 Re8 26. Nb1 Ne4 27. Bxe4 dxe4 28. g4 Qf8 29. Nd2 Qxh6 30. Nc4 Qh3 31. f5 Qxg4 32. fxg6 Qg5+ 33. Kb1 hxg6 34. Nd6 e3 35. Qh2 Re7 36. Nxb7 Rxb7 37. Rh1 Qd5 38. Qh8+ Kf7 39. Rh7+ Ke6 40. Qg8+ Ke5 41. Qxd5+ Kxd5 42. Rxb7 Ke4 43. Kc1 Kf3 44. Rxb6 f5 45. Rxg6 f4 46. Kd1 Kf2 47. Re6 a5 48. a3 1-0

[Event "105th British-ch 2018"]
[Site "Hull"]
[Date "2018.08.01"]
[Round "5"]
[White "Fitzsimons, David"]
[Black "Kalaiyalahan, Akshaya"]
[Result "1/2-1/2"]
[ECO "B31"]
[WhiteElo "2328"]
[BlackElo "2138"]
[Annotator "NA"]
[PlyCount "90"]
[EventDate "2018.07.28"]
[EventType "swiss"]
[EventCountry "GBR"]
[SourceTitle "playchess.com"]
[Source "ChessBase"]
[SourceQuality "1"]
[TimeControl "40/5400+30:1800+30"]

1. e4 c5 2. Nf3 Nc6 3. Bb5 g6 4. O-O Bg7 5. Re1 Nf6 6. e5 Nd5 7. Nc3 Nc7 8. Bxc6 dxc6 9. Ne4 b6 10. d3 O-O 11. h3 Ne6 12. Qe2 Nd4 13. Nxd4 Qxd4 14. Ng5 h6 15. Nf3 Qd5 16. c4 Qd8 17. Bf4 Bf5 18. Rad1 Qc8 19. Qe3 Kh7 20. Rd2 g5 21. Bg3 Bg6 22. Kh2 f5 23. exf6 exf6 24. d4 Re8 25. Qc3 Rxe1 26. Nxe1 Qe6 27. Nf3 Rd8 28. Qa3 cxd4 29. Qxa7 f5 30. Qxb6 Rd7 31. Bb8 Qe4 32. Qa5 d3 33. b3 Bh5 34. Ne5 Rb7 35. Bd6 Qd4 36. Rxd3 Bxe5+ 37. Bxe5 Qxd3 38. Qa8 Rg7 39. Bxg7 Qd6+ 40. Kg1 Kxg7 41. Qb7+ Bf7 42. a4 Qd1+ 43. Kh2 Qd6+ 44. Kg1 Qd1+ 45. Kh2 Qd6+ 1/2-1/2

[Event "105th British-ch 2018"]
[Site "Hull"]
[Date "2018.08.01"]
[Round "5"]
[White "Zapolskis, Antanas"]
[Black "Arkell, Keith C"]
[Result "0-1"]
[ECO "B06"]
[WhiteElo "2283"]
[BlackElo "2406"]
[Annotator "NA"]
[PlyCount "86"]
[EventDate "2018.07.28"]
[EventType "swiss"]
[EventCountry "GBR"]
[SourceTitle "playchess.com"]
[Source "ChessBase"]
[SourceQuality "1"]
[TimeControl "40/5400+30:1800+30"]

1. e4 g6 2. d4 Bg7 3. Nc3 c6 4. Bc4 d6 5. Qf3 e6 6. Be3 d5 7. Bd3 Na6 8. O-O-O Nb4 9. h4 Qa5 10. a3 Nxd3+ 11. Rxd3 h6 12. Bd2 Qd8 13. h5 g5 14. e5 b6 15. Qg4 Ba6 16. Rdh3 c5 17. dxc5 Qd7 18. cxb6 Bxe5 19. Nf3 Bg7 20. Qb4 axb6 21. Re1 Ne7 22. Qxb6 Nc6 23. Rg3 Bc4 24. Bf4 Bxc3 25. bxc3 gxf4 26. Rg4 Ra6 27. Qb2 Qd6 28. Kd2 Qb8 29. Qxb8+ Nxb8 30. Rxf4 Nd7 31. Nd4 O-O 32. f3 Kh7 33. Rh4 Rg8 34. g4 Rxa3 35. Rb1 Rb8 36. Rxb8 Nxb8 37. Rh1 Ra6 38. Rb1 Nc6 39. Rb7 Nxd4 40. cxd4 Kg7 41. f4 Ra3 42. c3 Ra2+ 43. Ke3 Be2 0-1

[Event "105th British-ch 2018"]
[Site "Hull"]
[Date "2018.08.01"]
[Round "5"]
[White "Toma, Katarzyna"]
[Black "Trent, Lawrence"]
[Result "1-0"]
[ECO "A08"]
[WhiteElo "2274"]
[BlackElo "2406"]
[Annotator "NA"]
[PlyCount "101"]
[EventDate "2018.07.28"]
[EventType "swiss"]
[EventCountry "GBR"]
[SourceTitle "playchess.com"]
[Source "ChessBase"]
[SourceQuality "1"]
[TimeControl "40/5400+30:1800+30"]

1. e4 c5 2. Nf3 Nf6 3. d3 Nc6 4. Nbd2 d5 5. g3 g6 6. Bg2 Bg7 7. O-O O-O 8. Re1 e6 9. c3 b6 10. Qa4 Bd7 11. Qc2 Rc8 12. Nf1 h6 13. h3 e5 14. g4 d4 15. c4 Nh7 16. Ng3 Ng5 17. Bd2 Nxf3+ 18. Bxf3 Qh4 19. Kg2 Nd8 20. a3 Ne6 21. Qc1 Bf6 22. Bxh6 Bg5 23. Bxg5 Nxg5 24. Rh1 f5 25. exf5 Nxf3 26. Kxf3 gxf5 27. Ke2 fxg4 28. Ne4 Rf4 29. Qg1 Qh7 30. Qg3 Rcf8 31. hxg4 Rxe4+ 32. dxe4 Qxe4+ 33. Kd2 Rf3 34. Qh2 Rd3+ 35. Kc1 Qf4+ 36. Qxf4 exf4 37. Kc2 Rf3 38. Rh2 Be8 39. Re1 Bg6+ 40. Kc1 Kf7 41. Re5 Bd3 42. g5 Kg7 43. Rh6 Rxf2 44. Re7+ Kg8 45. Rd6 Kf8 46. Rxa7 Re2 47. Rf6+ Kg8 48. g6 Re8 49. g7 f3 50. Rxf3 Bxc4 51. Rh3 1-0

[Event "105th British-ch 2018"]
[Site "Hull"]
[Date "2018.08.01"]
[Round "5"]
[White "Mcmichael, Richard J"]
[Black "Payne, Matthew J"]
[Result "0-1"]
[ECO "A01"]
[WhiteElo "2245"]
[BlackElo "2113"]
[Annotator "NA"]
[PlyCount "84"]
[EventDate "2018.07.28"]
[EventType "swiss"]
[EventCountry "GBR"]
[SourceTitle "playchess.com"]
[Source "ChessBase"]
[SourceQuality "1"]
[TimeControl "40/5400+30:1800+30"]

1. b3 e5 2. Bb2 Nc6 3. e3 d5 4. Bb5 Bd6 5. f4 Qe7 6. Nf3 Bg4 7. fxe5 Bxe5 8. Bxe5 Bxf3 9. Qxf3 Qxe5 10. Bxc6+ bxc6 11. O-O Nf6 12. Nc3 O-O 13. Qf4 Qd6 14. Qh4 Rfe8 15. Rf4 Re5 16. Qf2 Rh5 17. h3 Rg5 18. Rf1 Qe6 19. Qf3 Rf8 20. Ra4 Nd7 21. Rxa7 Ne5 22. Qf4 h6 23. Rf2 Ng6 24. Qh2 Nh4 25. Kh1 Nf5 26. Ne2 Qe4 27. Qxc7 Qxc2 28. Qf4 Qxd2 29. e4 Qe1+ 30. Kh2 dxe4 31. Ng1 e3 32. Re2 Qd1 33. Ra5 Ng3 34. Rxg5 Nxe2 35. Rxg7+ Kxg7 36. Qg4+ Kh8 37. Nxe2 Rd8 38. h4 Qd6+ 39. g3 Rg8 40. Qf3 Qe6 41. Nd4 Qe5 42. Ne2 Rg6 0-1

[Event "105th British-ch 2018"]
[Site "Hull"]
[Date "2018.08.01"]
[Round "5"]
[White "Moore, Graham J"]
[Black "Derakhshani, Borna"]
[Result "1/2-1/2"]
[ECO "A15"]
[WhiteElo "2218"]
[BlackElo "2315"]
[Annotator "NA"]
[PlyCount "94"]
[EventDate "2018.07.28"]
[EventType "swiss"]
[EventCountry "GBR"]
[SourceTitle "playchess.com"]
[Source "ChessBase"]
[SourceQuality "1"]
[TimeControl "40/5400+30:1800+30"]

1. Nf3 Nf6 2. c4 g6 3. b4 Bg7 4. Bb2 a5 5. b5 a4 6. g3 c6 7. Na3 d5 8. Bg2 O-O 9. O-O dxc4 10. bxc6 Nxc6 11. Nxc4 Be6 12. Ne3 a3 13. Bc3 h6 14. Ne1 Nd5 15. Bxg7 Nxe3 16. fxe3 Kxg7 17. Nd3 Bd5 18. Bh3 Qd6 19. Qc2 e5 20. Rfb1 Be4 21. Qc3 h5 22. Rb6 Bxd3 23. exd3 h4 24. Rxb7 hxg3 25. hxg3 Ne7 26. Rf1 Nd5 27. Qc4 Rad8 28. Ra7 Qb8 29. Ra5 Nb6 30. Qc3 f6 31. Qxa3 Rf7 32. e4 Rd6 33. Rc1 Qd8 34. Rc3 Rd4 35. Ra7 Nd7 36. Be6 f5 37. Rxd7 Rfxd7 38. Bxd7 Rxd7 39. Qc5 Qf6 40. Qc8 Rf7 41. exf5 Qg5 42. d4 exd4 43. Rd3 Qh5 44. Rxd4 Qd1+ 45. Kg2 Qe2+ 46. Kh3 Qf1+ 47. Kg4 Qe2+ 1/2-1/2

[Event "105th British-ch 2018"]
[Site "Hull"]
[Date "2018.08.01"]
[Round "5"]
[White "Tozer, Philip Aa"]
[Black "Sugden, John N"]
[Result "1/2-1/2"]
[ECO "A25"]
[WhiteElo "2142"]
[BlackElo "2090"]
[Annotator "NA"]
[PlyCount "98"]
[EventDate "2018.07.28"]
[EventType "swiss"]
[EventCountry "GBR"]
[SourceTitle "playchess.com"]
[Source "ChessBase"]
[SourceQuality "1"]
[TimeControl "40/5400+30:1800+30"]

1. c4 g6 2. g3 Bg7 3. Nc3 e5 4. Bg2 d6 5. e4 Ne7 6. Nge2 Nbc6 7. O-O Nd4 8. Nxd4 exd4 9. Nd5 c6 10. Nf4 O-O 11. d3 Kh8 12. Bd2 Ng8 13. b4 Bd7 14. Qc2 Qc7 15. Rac1 Rad8 16. c5 dxc5 17. Qxc5 b6 18. Qc2 Qd6 19. h3 Rc8 20. Qa4 Ra8 21. Ne2 Rfd8 22. f4 Be8 23. Qb3 Rac8 24. e5 Qe7 25. g4 f6 26. e6 f5 27. gxf5 gxf5 28. Ng3 Nh6 29. Bf3 Rd6 30. Rfe1 Bf6 31. Re2 Bg6 32. Be1 Ng8 33. Bf2 Qg7 34. Rec2 Ne7 35. Kh2 Qh6 36. Ne2 Bh5 37. Bxh5 Qxh5 38. Qb2 Rcd8 39. Rc4 Qf3 40. Nxd4 Rxd4 41. Rxd4 Rxd4 42. Rc4 c5 43. bxc5 bxc5 44. Qb8+ Ng8 45. Bxd4 Qe2+ 46. Kh1 Bxd4 47. Rxd4 cxd4 48. Qd6 Qf1+ 49. Kh2 Qf2+ 1/2-1/2

[Event "105th British-ch 2018"]
[Site "Hull"]
[Date "2018.08.01"]
[Round "5"]
[White "Waddington, Mike P"]
[Black "Burke, Mitchell R"]
[Result "1/2-1/2"]
[ECO "B23"]
[WhiteElo "2110"]
[BlackElo "1988"]
[Annotator "NA"]
[PlyCount "52"]
[EventDate "2018.07.28"]
[EventType "swiss"]
[EventCountry "GBR"]
[SourceTitle "playchess.com"]
[Source "ChessBase"]
[SourceQuality "1"]
[TimeControl "40/5400+30:1800+30"]

1. Nc3 c5 2. e4 Nc6 3. f4 g6 4. Nf3 Bg7 5. Bb5 Nd4 6. O-O a6 7. Bd3 d6 8. Nxd4 cxd4 9. Ne2 Nf6 10. Qe1 O-O 11. a4 e5 12. c3 Qc7 13. Kh1 Bg4 14. Ng1 exf4 15. cxd4 Nh5 16. Qh4 Qd7 17. Be2 f5 18. exf5 Bxe2 19. Nxe2 Rxf5 20. d3 Raf8 21. Qh3 Qe7 22. Ng1 Ng3+ 23. hxg3 Rh5 24. Bxf4 Rxh3+ 25. Nxh3 Bxd4 26. Rae1 Qd7 1/2-1/2

[Event "105th British-ch 2018"]
[Site "Hull"]
[Date "2018.08.01"]
[Round "5"]
[White "Price, Gwilym T"]
[Black "Pritchett, Craig W"]
[Result "0-1"]
[ECO "B41"]
[WhiteElo "2085"]
[BlackElo "2274"]
[Annotator "NA"]
[PlyCount "90"]
[EventDate "2018.07.28"]
[EventType "swiss"]
[EventCountry "GBR"]
[SourceTitle "playchess.com"]
[Source "ChessBase"]
[SourceQuality "1"]
[TimeControl "40/5400+30:1800+30"]

1. e4 c5 2. Nf3 e6 3. d4 cxd4 4. Nxd4 a6 5. c4 Nf6 6. Nc3 Qc7 7. Be2 b6 8. O-O Bb7 9. Qd3 d6 10. f4 Nbd7 11. b4 Rc8 12. Bb2 Be7 13. Rac1 O-O 14. a3 Qb8 15. g4 Qa8 16. Bf3 g5 17. Nd5 Bd8 18. fxg5 Ne5 19. Nxf6+ Bxf6 20. Qe3 Bg7 21. Qe2 Nxf3+ 22. Rxf3 Bxe4 23. Rh3 d5 24. c5 bxc5 25. bxc5 Qa7 26. Nb3 e5 27. Re3 a5 28. Nd2 Rxc5 29. Nxe4 Rxc1+ 30. Bxc1 dxe4 31. Kg2 Rc8 32. Bb2 Qb7 33. Rc3 Rxc3 34. Bxc3 e3+ 35. Kg3 Qc7 36. Be1 Qc5 37. Bxa5 Qxa5 38. Qxe3 Bf8 39. a4 Bb4 40. Qe4 Be1+ 41. Kg2 Qd2+ 42. Kh3 Qc3+ 43. Kg2 Bh4 44. Qa8+ Kg7 45. Qd8 e4 0-1

[Event "105th British-ch 2018"]
[Site "Hull"]
[Date "2018.08.01"]
[Round "5"]
[White "Jackson, Sheila"]
[Black "Verma, Aditya"]
[Result "1/2-1/2"]
[ECO "D45"]
[WhiteElo "2072"]
[BlackElo "2084"]
[Annotator "NA"]
[PlyCount "37"]
[EventDate "2018.07.28"]
[EventType "swiss"]
[EventCountry "GBR"]
[SourceTitle "playchess.com"]
[Source "ChessBase"]
[SourceQuality "1"]
[TimeControl "40/5400+30:1800+30"]

1. d4 d5 2. c4 c6 3. Nf3 Nf6 4. Qc2 dxc4 5. e3 e6 6. Bxc4 Nbd7 7. O-O Be7 8. Nc3 O-O 9. a4 c5 10. Rd1 cxd4 11. exd4 Nb6 12. Bd3 h6 13. Ne5 Nbd5 14. Qe2 a6 15. Nxd5 Nxd5 16. Be4 Nf6 17. Bf3 Nd5 18. Bd2 Bd7 19. b3 1/2-1/2

[Event "105th British-ch 2018"]
[Site "Hull"]
[Date "2018.08.01"]
[Round "5"]
[White "Thurlow, Kevin J"]
[Black "Pollack, Oscar"]
[Result "0-1"]
[ECO "E61"]
[WhiteElo "2030"]
[BlackElo "2064"]
[Annotator "NA"]
[PlyCount "66"]
[EventDate "2018.07.28"]
[EventType "swiss"]
[EventCountry "GBR"]
[SourceTitle "playchess.com"]
[Source "ChessBase"]
[SourceQuality "1"]
[TimeControl "40/5400+30:1800+30"]

1. c4 g6 2. d4 Nf6 3. g3 Bg7 4. Bg2 O-O 5. Nc3 d6 6. e3 e5 7. Nge2 c6 8. b3 Re8 9. dxe5 dxe5 10. O-O Nbd7 11. Bb2 Qc7 12. Qc2 Nf8 13. Rad1 Be6 14. Rd2 Rad8 15. Rfd1 h5 16. Na4 Bf5 17. Qc1 Rxd2 18. Rxd2 Ne6 19. Ba3 Ng5 20. Nec3 e4 21. Ne2 h4 22. Nd4 hxg3 23. hxg3 Bg4 24. Qf1 Qc8 25. Bd6 Nh5 26. Bf4 Nh3+ 27. Kh2 N3xf4 28. gxf4 Qd8 29. Nf3 Qf6 30. Ne5 Qh4+ 31. Kg1 Bxe5 32. fxe5 Rxe5 33. Nc3 Bf3 0-1

[Event "105th British-ch 2018"]
[Site "Hull"]
[Date "2018.08.01"]
[Round "5"]
[White "Miller, Dominic"]
[Black "Roberson, Peter T"]
[Result "0-1"]
[ECO "C11"]
[WhiteElo "2017"]
[BlackElo "2401"]
[Annotator "NA"]
[PlyCount "52"]
[EventDate "2018.07.28"]
[EventType "swiss"]
[EventCountry "GBR"]
[SourceTitle "playchess.com"]
[Source "ChessBase"]
[SourceQuality "1"]
[TimeControl "40/5400+30:1800+30"]

1. e4 e6 2. d4 d5 3. Nc3 Nf6 4. e5 Nfd7 5. f4 c5 6. Nf3 Nc6 7. Be3 a6 8. Qd2 Be7 9. Be2 b5 10. a3 O-O 11. O-O Bb7 12. Nd1 Qb6 13. c3 a5 14. Bd3 f5 15. Nf2 b4 16. axb4 axb4 17. Rxa8 Rxa8 18. g4 g6 19. gxf5 exf5 20. Nh3 Nf8 21. Kh1 c4 22. Be2 Ra2 23. Qe1 Rxb2 24. Bxc4 dxc4 25. d5 Qb5 26. dxc6 Bxc6 0-1

[Event "105th British-ch 2018"]
[Site "Hull"]
[Date "2018.08.02"]
[Round "6"]
[White "Houska, Jovanka"]
[Black "Webb, Laurence"]
[Result "1/2-1/2"]
[ECO "E01"]
[WhiteElo "2406"]
[BlackElo "2306"]
[Annotator "ChessBase"]
[PlyCount "89"]
[EventDate "2018.07.28"]
[EventType "swiss"]
[EventCountry "GBR"]
[SourceTitle "playchess.com"]
[Source "ChessBase"]
[SourceQuality "1"]
[TimeControl "40/5400+30:1800+30"]

1. Nf3 d5 2. c4 e6 3. g3 Nf6 4. Bg2 c6 5. b3 Nbd7 6. Bb2 Bd6 7. d4 Ne4 8. O-O O-O 9. Nfd2 f5 10. e3 Ndf6 11. Nc3 Qe7 12. Ne2 Bd7 13. Nf3 Be8 14. Ne5 Nd7 15. f3 Nef6 16. Nf4 a5 17. Qc2 g5 18. Nfd3 Bg6 19. Nxg6 hxg6 20. Nf2 e5 21. e4 dxe4 22. fxe4 f4 23. c5 Bc7 24. Nd3 Ng4 25. Rf3 exd4 26. gxf4 gxf4 27. Qc4+ Qf7 28. Qxd4 Be5 29. Nxe5 Ndxe5 30. Raf1 g5 31. Kh1 Rad8 32. Qc3 Ng6 33. Bh3 N4e5 34. Bf5 Rfe8 35. Rg1 Qf6 36. Bxg6 Qxg6 37. Rxf4 Rd3 38. Qc2 Rh3 39. Rf5 Nf7 40. Qc4 Rh5 41. Rgf1 Re7 42. Qd4 Rh4 43. Qd8+ Nxd8 44. Rf8+ Kh7 45. Rh8# 1/2-1/2

[Event "105th British-ch 2018"]
[Site "Hull"]
[Date "2018.08.02"]
[Round "6"]
[White "Eggleston, David J"]
[Black "Emms, John M"]
[Result "1-0"]
[ECO "C54"]
[WhiteElo "2397"]
[BlackElo "2488"]
[Annotator "ChessBase"]
[PlyCount "103"]
[EventDate "2018.07.28"]
[EventType "swiss"]
[EventCountry "GBR"]
[SourceTitle "playchess.com"]
[Source "ChessBase"]
[SourceQuality "1"]
[TimeControl "40/5400+30:1800+30"]

1. e4 e5 2. Nf3 Nc6 3. Bc4 Bc5 4. c3 Nf6 5. d3 d6 6. a4 a5 7. O-O O-O 8. Re1 h6 9. h3 Be6 10. Bxe6 fxe6 11. d4 Bb6 12. Be3 d5 13. exd5 Nxd5 14. Nbd2 exd4 15. cxd4 e5 16. Nc4 Nxe3 17. fxe3 exd4 18. Nxb6 cxb6 19. exd4 Qd5 20. Ra3 Rad8 21. Rd3 Rf4 22. Qd2 Rdf8 23. Ree3 Kh8 24. b3 R4f6 25. Qe1 Kg8 26. Kh1 Rf4 27. Qg3 Kh7 28. Re2 R8f7 29. Re1 R4f6 30. Re8 Rf4 31. Ne5 Nxe5 32. dxe5 Qc5 33. Qe3 Qxe3 34. Rxe3 Rf8 35. Re6 Rb4 36. Re7 b5 37. axb5 Rxb5 38. Rg3 Rg8 39. Re3 Rf8 40. e6 Rff5 41. Rf7 Rbe5 42. Rd3 Rg5 43. Rd6 Re1+ 44. Kh2 Re2 45. Kg1 Rgxg2+ 46. Kf1 Ra2 47. Rdd7 Rg6 48. e7 Ra1+ 49. Kf2 Ra2+ 50. Kf3 Rgg2 51. Rxg7+ Rxg7 52. e8=Q 1-0

[Event "105th British-ch 2018"]
[Site "Hull"]
[Date "2018.08.02"]
[Round "6"]
[White "Zakarian, David"]
[Black "Arkell, Keith C"]
[Result "0-1"]
[ECO "C00"]
[WhiteElo "2354"]
[BlackElo "2406"]
[Annotator "ChessBase"]
[PlyCount "118"]
[EventDate "2018.07.28"]
[EventType "swiss"]
[EventCountry "GBR"]
[SourceTitle "playchess.com"]
[Source "ChessBase"]
[SourceQuality "1"]
[TimeControl "40/5400+30:1800+30"]

1. e4 e6 2. Nf3 d5 3. e5 c5 4. b4 cxb4 5. a3 bxa3 6. c3 Nc6 7. d4 Nh6 8. Bd3 Nf5 9. O-O h5 10. Nxa3 Be7 11. Re1 a6 12. Bb2 g6 13. Nc2 Na5 14. Ne3 b5 15. Bxf5 gxf5 16. Nd2 Bb7 17. Qf3 Rb8 18. Qg3 Kf8 19. Ba3 Bxa3 20. Rxa3 Nc4 21. Ra2 Rg8 22. Qf4 Qg5 23. Qxg5 Rxg5 24. f4 Rg8 25. Nb3 Ke7 26. Nc5 Rgc8 27. Kf2 h4 28. Rb1 Nxe3 29. Kxe3 Rc6 30. Kd3 Bc8 31. Kc2 Kd8 32. Kb3 Kc7 33. Kb4 Kb6 34. Rf1 Ra8 35. Ra5 Bb7 36. Rf3 Rg8 37. Ra2 Rc7 38. Rff2 Ra8 39. Ra5 Rac8 40. Rfa2 Rxc5 41. dxc5+ Rxc5 42. g3 Rc4+ 43. Kb3 d4 44. cxd4 Rxd4 45. Kc3 Rc4+ 46. Kd3 hxg3 47. hxg3 Rc8 48. Ra1 Rg8 49. Kd4 Rxg3 50. R5a3 Rg4 51. Rf1 b4 52. Ra2 a5 53. Rb2 Bd5 54. Rh2 Rg3 55. Rh8 Rc3 56. Rb8+ Bb7 57. Rf8 Rc7 58. Rb1 Rd7+ 59. Ke3 Kb5 {[%emt 0:00:00] Kd4 [%emt 00:01:46]} 0-1

[Event "105th British-ch 2018"]
[Site "Hull"]
[Date "2018.08.02"]
[Round "6"]
[White "Kolbus, Dietmar"]
[Black "Moore, Graham J"]
[Result "1/2-1/2"]
[ECO "A20"]
[WhiteElo "2303"]
[BlackElo "2218"]
[Annotator "RC"]
[PlyCount "157"]
[EventDate "2018.07.28"]
[EventType "swiss"]
[EventCountry "GBR"]
[SourceTitle "playchess.com"]
[Source "ChessBase"]
[SourceQuality "1"]
[TimeControl "40/5400+30:1800+30"]

1. c4 e5 2. g3 Nf6 3. Bg2 c6 4. Nf3 e4 5. Nd4 Qb6 6. Nc2 d5 7. cxd5 cxd5 8. O-O Nc6 9. d3 Bf5 10. Nc3 O-O-O 11. d4 Be7 12. a3 h5 13. Na4 Qc7 14. Bf4 Bd6 15. Bxd6 Qxd6 16. Ne3 Bg4 17. h3 h4 18. Nxg4 Nxg4 19. e3 Nf6 20. g4 Kb8 21. Nc3 Na5 22. Qe2 Rc8 23. Rac1 Qe6 24. Nb1 Nc4 25. Rc3 Ne8 26. b3 Ncd6 27. Rxc8+ Qxc8 28. Qd2 f5 29. gxf5 Qxf5 30. Nc3 Nf6 31. Kh2 Rh6 32. f3 Qg5 33. Qf2 Nh5 34. fxe4 Rf6 35. Qe1 dxe4 36. Nxe4 Nxe4 37. Bxe4 Ng3 38. Rxf6 Qxf6 39. Bg2 Qd6 40. a4 Nf5+ 41. Kg1 Qg3 42. Qf2 Qxe3 43. Qxe3 Nxe3 44. Be4 Nd1 45. Bf3 Ne3 46. Be4 Nd1 47. Kf1 Nc3 48. Bf3 b5 49. a5 b4 50. Kf2 Nb5 51. Ke3 Kc7 52. Be2 Nd6 53. Bf3 Kd7 54. Kf4 Ke6 55. Kg5 Nb5 56. d5+ Ke5 57. Kxh4 Kf4 58. Be2 Nd4 59. Bg4 Nxb3 60. d6 Nxa5 61. d7 Nc6 62. Bd1 Kf5 63. Ba4 Nd8 64. Kh5 Kf6 65. h4 a5 66. Kg4 Ke7 67. Kf5 Ne6 68. Kg6 Nd4 69. h5 b3 70. Bxb3 Nxb3 71. Kxg7 Nd4 72. d8=Q+ Kxd8 73. Kf6 Nf5 74. Kxf5 Ke8 75. Ke4 Kf8 76. Kd3 Kg7 77. Kc4 Kh6 78. Kb5 Kxh5 79. Kxa5 1/2-1/2

[Event "105th British-ch 2018"]
[Site "Hull"]
[Date "2018.08.02"]
[Round "6"]
[White "Muir, Andrew Joseph"]
[Black "Young"]
[Result "0-1"]
[ECO "D44"]
[WhiteElo "2291"]
[BlackElo "1962"]
[Annotator "NA"]
[PlyCount "68"]
[EventDate "2018.07.28"]
[EventType "swiss"]
[EventCountry "GBR"]
[SourceTitle "playchess.com"]
[Source "ChessBase"]
[SourceQuality "1"]
[TimeControl "40/5400+30:1800+30"]

1. d4 d5 2. c4 c6 3. Nf3 Nf6 4. Nc3 e6 5. Bg5 dxc4 6. e4 b5 7. e5 h6 8. Bh4 g5 9. Nxg5 hxg5 10. Bxg5 Nbd7 11. g3 Qb6 12. exf6 Bb7 13. Bg2 c5 14. d5 O-O-O 15. O-O b4 16. Na4 Qb5 17. a3 Nb8 18. axb4 cxb4 19. Qg4 Bxd5 20. Rfc1 Nc6 21. Bxd5 Rxd5 22. Qxc4 Rd1+ 23. Rxd1 Qxc4 24. Be3 Qg4 25. Rac1 Kb8 26. Rd2 Qh5 27. f4 Qf3 28. Bf2 Bh6 29. Rd7 Bxf4 30. Rc5 Be3 31. Rc2 Nd4 32. Rxd4 Bxd4 33. Bxd4 Qd1+ 34. Kg2 Qxc2+ 0-1

[Event "105th British-ch 2018"]
[Site "Hull"]
[Date "2018.08.02"]
[Round "6"]
[White "Abdulla, Murad"]
[Black "Maroroa, Sue Yuchan"]
[Result "0-1"]
[ECO "C77"]
[WhiteElo "2281"]
[BlackElo "2104"]
[Annotator "NA RC"]
[PlyCount "82"]
[EventDate "2018.07.28"]
[EventType "swiss"]
[EventCountry "GBR"]
[SourceTitle "playchess.com"]
[Source "ChessBase"]
[SourceQuality "1"]
[TimeControl "40/5400+30:1800+30"]

1. e4 e5 2. Nf3 Nc6 3. Bb5 a6 4. Ba4 Nf6 5. d3 d6 6. c4 g6 7. Nc3 Bg7 8. h3 h6 9. Be3 O-O 10. Qd2 Kh7 11. a3 Nd7 12. Bxc6 bxc6 13. d4 exd4 14. Nxd4 Ne5 15. b3 c5 16. Nde2 Rb8 17. Rb1 f5 18. f4 Nc6 19. e5 Re8 20. exd6 cxd6 21. Nd5 Nd4 22. O-O Nxe2+ 23. Qxe2 Bb7 24. Rf3 Bxd5 25. cxd5 Qa5 26. Qd3 Qxa3 27. Bf2 Re4 28. Qc2 Qb4 29. Qa2 a5 30. Rd1 Rbe8 31. Rd2 Bc3 32. Rdd3 Bg7 33. Rd2 h5 34. Kh1 Bc3 35. Rc2 Re1+ 36. Bxe1 Rxe1+ 37. Kh2 Ra1 38. Qxa1 Bxa1 39. Re2 Bd4 40. Re7+ Kh6 41. Re6 h4 0-1

[Event "105th British-ch 2018"]
[Site "Hull"]
[Date "2018.08.02"]
[Round "6"]
[White "Pritchett, Craig William"]
[Black "Fitzsimons, David"]
[Result "1/2-1/2"]
[ECO "B06"]
[WhiteElo "2274"]
[BlackElo "2328"]
[Annotator "NA"]
[PlyCount "89"]
[EventDate "2018.07.28"]
[EventType "swiss"]
[EventCountry "GBR"]
[SourceTitle "playchess.com"]
[Source "ChessBase"]
[SourceQuality "1"]
[TimeControl "40/5400+30:1800+30"]

1. Nf3 g6 2. e4 Bg7 3. d4 d6 4. Bc4 Nf6 5. Qe2 O-O 6. O-O Bg4 7. c3 e5 8. dxe5 dxe5 9. h3 Bxf3 10. Qxf3 Nbd7 11. Be3 $11 Qe7 12. Nd2 Rfd8 13. Nb3 Ne8 14. Bd3 Bf6 15. Rfd1 Bg5 16. a4 a5 17. Bc2 Nd6 18. Nd2 Kg7 19. Nf1 Rf8 20. Rd5 h6 21. Bxg5 Qxg5 22. Ne3 b6 23. Qg4 Qxg4 24. hxg4 Rfe8 25. f3 Nf6 26. Rdd1 Red8 27. Kf2 Kf8 28. Ke2 Ke7 29. Nd5+ Nxd5 30. Rxd5 f6 31. Rh1 Rh8 32. g3 Nb7 33. f4 exf4 34. gxf4 g5 35. e5 gxf4 36. exf6+ Kxf6 37. Rf5+ Kg7 38. Rxf4 Rhe8+ 39. Kf3 Rad8 40. g5 hxg5 41. Rh7+ Kg8 42. Rff7 Rf8 43. Rhg7+ Kh8 44. Rh7+ Kg8 45. Rhg7+ 1/2-1/2

[Event "105th British-ch 2018"]
[Site "Hull"]
[Date "2018.08.02"]
[Round "6"]
[White "Britton, Richard"]
[Black "Waddington, Mike P"]
[Result "1/2-1/2"]
[ECO "A26"]
[WhiteElo "2249"]
[BlackElo "2110"]
[Annotator "NA RC"]
[PlyCount "56"]
[EventDate "2018.07.28"]
[EventType "swiss"]
[EventCountry "GBR"]
[SourceTitle "playchess.com"]
[Source "ChessBase"]
[SourceQuality "1"]
[TimeControl "40/5400+30:1800+30"]

1. Nf3 f5 2. g3 Nf6 3. Bg2 g6 4. O-O Bg7 5. c4 O-O 6. Nc3 d6 7. d3 e5 8. Bd2 Nc6 9. Rb1 h6 10. b4 g5 11. b5 Ne7 12. a4 Ng6 13. Ne1 $11 f4 14. a5 Rb8 15. Nc2 h5 16. a6 b6 17. Nb4 Bd7 18. Ncd5 g4 19. Nxf6+ Bxf6 20. Be4 Kg7 21. Nd5 Bg5 22. Qc2 Ne7 23. Nxe7 Qxe7 24. e3 fxe3 25. fxe3 Rbe8 26. Rbe1 Rxf1+ 27. Rxf1 Rf8 28. Qd1 Rxf1+ 1/2-1/2